 Dungeon Crawl Stone Soup version 0.24-b1-44-g37ad8b309f (webtiles) character file.

Game seed: 13839105562849989004, levelgen mode: deterministic

2345 Mrkan the Basher (level 9, -8/56 HPs)
             Began as a Tengu Fighter on Oct 24, 2019.
             Was a Believer of Wu Jian.
             Mangled by an orc warrior
             ... wielding a +0 battleaxe
              (25 damage)
             ... on level 8 of the Dungeon.
             The game lasted 00:10:55 (6433 turns).

Mrkan the Basher (Tengu Fighter)                    Turns: 6433, Time: 00:10:56

Health: -8/56      AC: 11    Str: 21    XL:     9   Next: 43%
Magic:  10/10      EV:  4    Int:  8    God:    Wu Jian [**....]
Gold:   335        SH: 11    Dex: 13    Spells: 8/8 levels left

rFire    . . .     SeeInvis .   a - +0 flail
rCold    . . .     Gourm    .   c - +0 shield
rNeg     . . .     Faith    .   B - +0 plate armour
rPois    .         Spirit   .   (helmet restricted)
rElec    .         Reflect  .   (no cloak)
rCorr    .         Harm     .   (no gloves)
MR       .....                  (boots unavailable)
Stlth    ..........             (no amulet)
HPRegen  0.18/turn              (no ring)
MPRegen  0.12/turn              (no ring)

@: no status effects
A: beak, talons 3, able to fly
a: Fly, Wall Jump, Renounce Religion


You were on level 8 of the Dungeon.
You worshipped Wu Jian.
Wu Jian was pleased with you.
You were not hungry.

You visited 1 branch of the dungeon, and saw 8 of its levels.

You collected 380 gold pieces.
You spent 45 gold pieces at shops.

Inventory:

Hand Weapons
 a - a +0 flail (weapon)
 g - a cursed +0 hunting sling
Missiles
 j - 51 poisoned darts (quivered)
 E - 4 javelins
Armour
 c - a +0 shield (worn)
 x - a +2 chain mail of poison resistance
 y - the cursed +0 scale mail "Kimiggum" {rC++ Dex-4 Slay+5}
   (You found it on level 4 of the Dungeon)

   It affects your dexterity (-4).
   It affects your accuracy and damage with ranged weapons and melee attacks
   (+5).
   It greatly protects you from cold.
   It has a curse placed upon it.
 B - a +0 plate armour (worn)
 C - a +2 pair of gloves
 K - a +0 large shield
Jewellery
 m - a +6 amulet of reflection {unknown}
 q - an uncursed ring of fire {unknown}
 r - a +2 ring of dexterity {unknown}
Scrolls
 b - 3 scrolls of remove curse {unknown}
 d - 3 scrolls of magic mapping
 e - 5 scrolls of identify
 h - 3 scrolls of blinking {unknown}
 i - a scroll of fear {unknown}
 l - 4 scrolls of amnesia {unknown}
 t - 5 scrolls of enchant armour {unknown}
 u - 5 scrolls of teleportation {unknown}
 v - a scroll of immolation {unknown}
 A - 2 scrolls of fog {unknown}
 H - 3 scrolls of vulnerability {unknown}
 I - a scroll of acquirement {unknown}
Potions
 k - a potion of haste {unknown}
 n - 5 potions of curing
 o - a potion of lignification {unknown}
 p - a potion of magic {unknown}
 s - a potion of heal wounds {unknown}
 w - 2 potions of degeneration {unknown}
 z - a potion of flight {unknown}
 D - a potion of agility {unknown}
 F - a potion of resistance {unknown}
 G - a potion of might
Comestibles
 f - 7 rations
 J - a chunk of flesh


   Skills:
 + Level 6.9 Fighting
 * Level 9.8 Maces & Flails
 - Level 3.2 Armour
 + Level 6.8 Shields


You had 8 spell levels left.
You didn't know any spells.
Your spell library contained the following spells:

 Spells                   Type           Power        Failure   Level  Hunger
 Summon Small Mammal      Summ           #...         100%        1    ##.....
 Call Imp                 Summ           #.......     100%        2    ###....
 Call Canine Familiar     Summ           #.......     100%        3    ####...
 Summon Guardian Golem    Hex/Summ       #.......     100%        3    ####...
 Summon Ice Beast         Ice/Summ       #.......     100%        4    #####..
 Summon Lightning Spire   Summ/Air       #.......     100%        4    #####..


Dungeon Overview and Level Annotations

Branches:
Dungeon (8/15)             Temple (0/1) D:5
   Lair: D:8-11

Altars:
Ashenzari
Cheibriados
Dithmenos
Elyvilon
Gozag
Kikubaaqudgha
Makhleb
Qazlal
Sif Muna
Vehumet
Wu Jian
Yredelemnul

Shops:
D:4 *   D:5 [[[

Annotations:
D:7 1 runed translucent door, Emblim88's ghost, novice TrMo


Innate Abilities, Weirdness & Mutations

You have a beak for a mouth.
You have claws for feet.
You can fly continuously.


Message History

The orc warrior is severely wounded.
You block the orc warrior's attack.
You hit the orc warrior but do no damage.
You claw the orc warrior, but do no damage.
You peck the orc warrior, but do no damage.
The orc warrior is severely wounded.
The orc warrior hits you with a +0 battleaxe!!
* * * LOW HITPOINT WARNING * * *
You hear a shout!
You feel better.
The orc warrior hits you but does no damage.
You closely miss the orc warrior.
You claw the orc warrior, but do no damage.
The orc warrior is severely wounded.
An orc comes into view. It is wielding a +0 hand axe.
You barely miss the orc warrior. You claw the orc warrior.
Your peck misses the orc warrior.
The orc warrior is almost dead.
The orc warrior hits you with a +0 battleaxe!!
You die...

#. #. #.# ##. #.. ...
#.# #.###### ###
#.###.....## ..#
##.#.#.....### #.#
##...........<#
#..###.#####.....#.#
#..@#..# #######†#
#..#oo.#### #..###.#
#..#...#o≈..#8..##.#
........#o≈..'._....#
###..##..#.≈..#8..#..#
#.. ...#### #..###.#
#.# #..# ######.... #.
##.####...####.# #.
#.............#


You could see an orc warrior and an orc.

Vanquished Creatures
  A hippogriff (D:7)
  2 ice beasts
  4 ogres
  A centaur (D:6)
  5 bullfrogs
  2 scorpions
  7 wights
  2 howler monkeys
  3 crimson imps
  A jelly (D:8)
  A quasit (D:7)
  A hound (D:7)
  A centaur skeleton (D:7)
  An iguana (D:7)
  2 orc priests
  An orc wizard (D:4)
  8 worker ants
  7 adders
  A howler monkey skeleton (D:7)
  2 shadow imps
  2 oozes
  An adder zombie (D:7)
  2 adder skeletons
  3 worms (D:2)
  2 dart slugs (D:1)
  4 leopard geckos
  22 orcs
  6 bats
  6 giant cockroaches
  10 goblins
  10 hobgoblins
  9 jackals
  12 kobolds
  3 quokkas
  2 ball pythons
  2 frilled lizards (D:1)
  2 leopard gecko zombies (D:6)
  10 rats
161 creatures vanquished.

Notes
Turn   | Place    | Note
-------+----------+-------------------------------------------
     0 | D:1      | Mrkan the Tengu Fighter began the quest for the Orb.
     0 | D:1      | Reached XP level 1. HP: 14/14 MP: 2/2
    43 | D:1      | Reached XP level 2. HP: 18/19 MP: 3/3
   191 | D:1      | Reached skill level 3 in Maces & Flails
   223 | D:1      | Reached XP level 3. HP: 13/23 MP: 4/4
   709 | D:2      | Found an ornate altar of the Wu Jian Council.
   736 | D:2      | Became a worshipper of the Wu Jian Council
   750 | D:2      | Reached XP level 4. HP: 24/28 MP: 5/5
   955 | D:2      | Reached skill level 4 in Maces & Flails
  1143 | D:2      | Found a shadowy altar of Dithmenos.
  1192 | D:2      | Gained mutation: You can fly continuously. [Tengu growth]
  1192 | D:2      | Reached XP level 5. HP: 25/33 MP: 6/6
  1650 | D:3      | Reached * piety under Wu Jian
  2284 | D:4      | Found Hiarapa's General Store.
  2284 | D:4      | Found a stormy altar of Qazlal.
  2321 | D:4      | Noticed an ice beast
  2418 | D:3      | Reached skill level 5 in Maces & Flails
  2418 | D:3      | Reached XP level 6. HP: 8/38 MP: 7/7
  2585 | D:4      | Killed an ice beast
  2660 | D:4      | HP: 1/39 [ogre/+0 giant club (22)]
  2967 | D:4      | Reached XP level 7. HP: 44/44 MP: 8/8
  2982 | D:4      | Got a warped scale mail
  2999 | D:4      | Bought a scroll of magic mapping for 45 gold pieces
  3060 | D:4      | Reached skill level 6 in Maces & Flails
  3104 | D:4      | Identified the cursed +0 scale mail "Kimiggum" {rC++ Dex-4
                  | Slay+5} (You found it on level 4 of the Dungeon)
  3364 | D:4      | Found a shattered altar of Ashenzari.
  3474 | D:5      | Entered Level 5 of the Dungeon
  3570 | D:5      | Reached skill level 5 in Fighting
  3589 | D:5      | Found a staircase to the Ecumenical Temple.
  3706 | D:5      | Reached skill level 5 in Shields
  3728 | D:5      | Found Fed Wyci's Armour Shop.
  3775 | D:5      | Found an ancient bone altar of Kikubaaqudgha.
  3905 | D:5      | Found Tataeppi's Armour Boutique.
  4012 | D:5      | Reached skill level 7 in Maces & Flails
  4012 | D:5      | Reached XP level 8. HP: 27/49 MP: 9/9
  4197 | D:5      | Found Venlux's Armour Boutique.
  4364 | D:6      | Reached ** piety under Wu Jian
  4680 | D:6      | Reached skill level 8 in Maces & Flails
  4877 | D:6      | Found a snail-covered altar of Cheibriados.
  5278 | D:7      | Found a white marble altar of Elyvilon.
  5309 | D:7      | Found an opulent altar of Gozag.
  5332 | D:7      | Found a basalt altar of Yredelemnul.
  5367 | D:7      | Found a radiant altar of Vehumet.
  5428 | D:7      | Reached XP level 9. HP: 55/55 MP: 10/10
  5487 | D:7      | Reached skill level 9 in Maces & Flails
  5705 | D:7      | Found a runed translucent door.
  5709 | D:7      | Noticed Emblim88's ghost (novice TrMo)
  6025 | D:7      | Found a burning altar of Makhleb.
  6025 | D:7      | Noticed a green death
  6028 | D:7      | Noticed a hellwing
  6289 | D:8      | Found a shimmering blue altar of Sif Muna.
  6433 | D:8      | Mangled by an orc warrior

Skill      XL: |  1  2  3  4  5  6  7  8  9 |
---------------+----------------------------+-----
Maces & Flails | 3 4 5 7 8 9 |  9.8
Fighting       | 4 5 6 |  6.9
Shields        | 4 5 6 |  6.8
Armour         | |  3.2

Action                   |  1- 3 |  4- 6 |  7- 9 || total
-------------------------+-------+-------+-------++-------
Melee: Flail             |    84 |   127 |   265 ||   476
       Kick              |    22 |    35 |    93 ||   150
       Peck              |    16 |    21 |    56 ||    93
Invok: Lunge             |       |    11 |    18 ||    29
       Whirlwind         |       |     4 |     1 ||     5
  Use: Potion            |       |     2 |     2 ||     4
       Scroll            |       |       |     1 ||     1
  Eat: Chunk             |       |     6 |    10 ||    16
       Ration            |       |       |     1 ||     1
Armor: Scale mail        |    54 |    51 |       ||   105
       Chain mail        |       |     4 |     7 ||    11
       Plate armour      |       |       |   117 ||   117
Dodge: Dodged            |    32 |    36 |    32 ||   100
Block: Shield            |    47 |    74 |   115 ||   236
